Map: 永恒帝国-天梯版

Players

iGMacSed (MacSed) - Winner!

  • Race: Protoss Protoss

夜蝶蝶蝶蝶蝶蝶蝶 (Firefly)

  • Race: Protoss Protoss

Event: DreamHack SC2 Masters 2020 Summer China

VOD

Have the link to the VOD?

Description

Time

  • Played on: July 1, 2020, 9:27 a.m.
  • Length: 10:47

All games in this series

Show
View Real Time Build Order
Export as new Build Order

iGMacSed Protoss - Winner!

Build Orders:  

Get SALT Encoding   

  12  0:00  Probe  
  13  0:12  Probe  
  14  0:17  Pylon  
  14  0:23  Probe  
  15  0:31  Probe  
  15  0:37  Gateway  
  15  0:39  Probe  
  16  0:46  Assimilator  
  17  0:51  Probe  
  17  0:54  Assimilator  
  18  1:00  Probe  
  19  1:08  Gateway, Probe  
  19  1:17  Probe  
  20  1:24  Cybernetics Core  
  21  1:29  Probe  
  22  1:34  Pylon  
  22  1:41  Probe  
  23  1:53  Probe  
  24  2:00  Warp Gate  
  24  2:01  Stalker x2  
  24  2:06  Probe  
  29  2:12  Pylon  
  29  2:28  Pylon  
  29  2:31  Adept x2  
  32  2:51  Nexus  
  32  3:05  Adept x2  
  36  3:16  Shield Battery, Pylon  
  36  3:18  Probe  
  37  3:27  Shield Battery  
  37  3:33  Probe  
  38  3:45  Probe  
  39  3:49  Shield Battery  
  39  3:50  Adept x2  
  43  3:57  Probe  
  43  3:59  Shield Battery  
  44  4:05  Probe  
  44  4:06  Probe  
  46  4:13  Probe  
  46  4:14  Probe  
  46  4:15  Twilight Council  
  46  4:21  Probe  
  46  4:23  Probe  
  48  4:26  Adept x2  
  48  4:30  Probe  
  48  4:31  Probe  
  54  4:38  Blink, Probe  
  56  4:39  Probe  
  56  4:43  Forge  
  58  4:48  Pylon, Probe  
  58  4:50  Probe  
  60  5:00  Probe  
  60  5:05  Probe  
  60  5:06  Pylon  
  62  5:07  Protoss Ground Weapons Level 1  
  62  5:08  Assimilator  
  62  5:09  Sentry x2  
  62  5:12  Probe  
  67  5:18  Pylon  
  67  5:24  Robotics Facility  
  67  5:25  Probe  
  67  5:27  Probe  
  69  5:30  Gateway  
  69  5:34  Sentry  
  71  5:36  Sentry  
  73  5:45  Pylon  
  73  5:50  Nexus  
  73  5:53  Probe x2  
  75  6:01  Stalker x2  
  75  6:04  Immortal  
  77  6:06  Shield Battery  
  80  6:24  Stalker x2  
  83  6:27  Pylon  
  83  6:29  Stalker  
  85  6:33  Probe  
  86  6:42  Pylon  
  86  6:45  Probe x2, Observer, Charge, Pylon  
  89  6:56  Protoss Ground Weapons Level 2  
  89  6:57  Probe  
  80  7:02  Probe  
  80  7:03  Probe  
  80  7:07  Immortal  
  86  7:09  Gateway  
  86  7:10  Gateway, Probe  
  86  7:11  Probe  
  86  7:14  Probe  
  87  7:21  Gateway  
  87  7:22  Probe x2  
  88  7:26  Stalker  
  91  7:32  Probe  
  89  7:38  Adept x2  
  89  7:43  Gateway, Probe  
  94  7:48  Immortal, Pylon  
  94  7:50  Stalker  
  98  8:01  Gateway  
  98  8:02  Gateway  
  98  8:03  Stalker  
  100  8:16  Zealot x5  
  100  8:17  Warp Prism  
  104  8:24  Probe  
  105  8:38  Pylon  
  105  8:40  Pylon  
  103  8:41  Pylon  
  103  8:43  Zealot x2  
  103  8:44  Gateway, Zealot  
  105  9:01  Zealot x4  
  113  9:06  Zealot x2  
  113  9:07  Stalker  
  119  9:17  Assimilator  
  119  9:19  Assimilator  
  119  9:20  Robotics Bay  
  117  9:28  Zealot x2  
  117  9:29  Zealot x2  
  105  9:38  Zealot x3  
  101  9:49  Zealot x4  
  101  9:51  Probe  
  106  9:53  Probe  
  97  10:01  Zealot x4  
  99  10:09  Templar Archives  
  93  10:17  Zealot x4  
  87  10:31  Zealot x5  
Show
View Real Time Build Order
Export as new Build Order

夜蝶蝶蝶蝶蝶蝶蝶 Protoss 

Build Orders: Phoenix Opening, Blink Stalkers 

Get SALT Encoding   

  12  0:00  Probe  
  13  0:12  Probe  
  14  0:17  Pylon  
  14  0:24  Probe  
  15  0:34  Probe  
  15  0:35  Gateway  
  15  0:42  Probe  
  16  0:47  Assimilator  
  17  0:53  Probe  
  17  0:56  Assimilator  
  18  1:05  Probe  
  18  1:09  Gateway  
  19  1:17  Probe  
  20  1:22  Cybernetics Core  
  20  1:29  Probe  
  21  1:34  Pylon  
  21  1:40  Probe  
  22  1:48  Probe  
  23  1:56  Probe  
  23  1:59  Adept x2  
  28  2:02  Warp Gate  
  28  2:15  Pylon  
  28  2:23  Pylon  
  28  2:29  Sentry  
  30  2:34  Sentry  
  32  2:38  Shield Battery  
  32  2:50  Nexus  
  32  2:56  Probe  
  33  3:00  Sentry  
  35  3:06  Phoenix  
  35  3:08  Probe  
  36  3:15  Pylon  
  36  3:20  Probe  
  36  3:24  Twilight Council  
  37  3:33  Probe  
  38  3:42  Forge  
  38  3:43  Blink  
  38  3:45  Probe  
  39  3:50  Stalker  
  39  3:51  Stalker  
  43  3:57  Probe  
  42  4:04  Protoss Ground Weapons Level 1  
  42  4:11  Probe  
  42  4:12  Probe  
  44  4:23  Probe  
  44  4:24  Probe  
  46  4:29  Stalker  
  48  4:35  Probe  
  48  4:36  Stalker  
  51  4:40  Probe  
  51  4:47  Probe  
  51  4:49  Pylon  
  52  4:53  Stalker  
  52  4:54  Probe  
  52  4:56  Gateway, Phoenix  
  55  5:00  Stalker  
  55  5:02  Probe  
  55  5:06  Probe  
  59  5:11  Robotics Facility  
  59  5:16  Stalker  
  59  5:17  Probe  
  62  5:21  Pylon  
  62  5:29  Gateway  
  62  5:34  Gateway  
  62  5:35  Assimilator  
  62  5:39  Probe  
  62  5:41  Stalker x2  
  67  5:58  Nexus  
  67  6:01  Observer  
  67  6:07  Stalker  
  70  6:12  Pylon  
  70  6:13  Pylon  
  70  6:16  Pylon  
  70  6:29  Protoss Ground Weapons Level 2  
  70  6:30  Probe x2  
  70  6:32  Adept  
  74  6:37  Stalker x2  
  78  6:43  Probe x2  
  80  6:51  Pylon  
  76  6:56  Probe  
  76  6:58  Probe  
  73  7:08  Probe  
  74  7:10  Probe  
  74  7:11  Gateway  
  74  7:12  Gateway, Stalker x2  
  74  7:13  Probe  
  74  7:15  Gateway  
  80  7:17  Gateway, Stalker, Probe  
  80  7:18  Probe  
  80  7:21  Probe  
  84  7:25  Probe  
  84  7:26  Probe  
  84  7:29  Probe  
  86  7:34  Probe  
  86  7:36  Probe  
  84  7:40  Probe  
  87  7:46  Probe  
  87  7:48  Probe  
  89  7:53  Probe  
  88  7:58  Probe  
  88  8:00  Probe  
  88  8:02  Assimilator  
  88  8:03  Assimilator  
  88  8:04  Assimilator  
  88  8:05  Probe  
  91  8:06  Templar Archives  
  91  8:07  Stalker x3, Zealot  
  91  8:10  Probe  
  91  8:12  Probe  
  98  8:19  Probe  
  99  8:21  Warp Prism  
  99  8:23  Probe  
  100  8:28  Probe  
  100  8:31  Probe  
  98  8:35  Probe  
  99  8:45  Sentry, Zealot  
  99  8:46  Zealot x5  
  107  8:57  Probe x2  
  107  9:00  Shield Battery  
  109  9:08  Photon Cannon  
  109  9:09  Shield Battery  
  109  9:19  Pylon x2  
  109  9:22  Pylon  
  109  9:24  Pylon  
  101  9:25  Zealot x4  
  101  9:26  Zealot x2  
  101  9:30  Zealot  
  109  9:35  Shield Battery  
  82  9:46  Zealot x5  
  82  9:47  Zealot  
  82  9:50  Shield Battery  
  94  9:52  Shield Battery  
  94  9:54  Zealot, Pylon  
  76  10:07  Zealot x3  
  76  10:08  Zealot  
  76  10:09  Zealot  
  76  10:10  Zealot x2  
  76  10:11  Zealot  
  76  10:12  Zealot x3  
  79  10:17  Zealot  
  80  10:24  Probe x2  
  80  10:25  Probe  
Tags
 
Add a new tag
Caveats
  • Supply blocks, unpowered buildings, or Contaminate may cause inaccurate times.
  • Supply counts are checked every 10 seconds.